AoeStats
← Abetterhandle

QS Arena

503782641Analyzed
4v4 RM · 1mo ago on Sep 2, 2026· 43m 8s· 8 players
Game mode
Random Map
Map size
Large (8 player)
Population
200
Speed
Normal
Resources
Standard
Victory
Conquest
Starting age
Dark Age
Ending age
Imperial Age
RankedLock teamsTeams togetherTeam positionsShared explorationLock speedFull tech treeHidden civsTurbo modeCheats
Victory
Defeat
🇻🇳 Franks · Vietnam
942
+13
🇻🇳 Teutons · Vietnam
885
+16
🇨🇳 Japanese · China
865
+17
🇨🇳 Poles · China
829
+18
🇹🇷 Burmese · Türkiye
991
-21
🇳🇿 Romans · New Zealand
930
-18
🇩🇪 Saracens · Germany
832
-14
🇹🇷 Wu · Türkiye
774
-11
nm18
6:53 Loom
9:11 Feudal Age
13:43 Castle Age
12:25 Double-Bit Axe
12:22 Horse Collar
14:59 Bow Saw
14:51 Heavy Plow
18:41 Town Watch
20:47 Wheelbarrow
23:02 Stone Mining
23:03 Gold Mining
23:59 Hand Cart
24:38 Stone Shaft Mining
30:38 Imperial Age
29:01 Bloodlines
29:02 Forging
28:58 Scale Barding Armor
30:35 Masonry
31:02 Iron Casting
30:39 Town Patrol
31:51 Conscription
31:57 Crenellations
31:50 Squires
33:21 Two-Man Saw
32:53 Crop Rotation
32:46 Ballistics
33:28 Blast Furnace
32:48 Chain Barding Armor
31:55 Cavalier
35:05 Chemistry
33:59 Elite Teutonic Knight
35:02 Ironclad
35:56 Scale Mail Armor
36:32 Plate Barding Armor
35:50 Fletching
36:22 Bombard Tower
35:39 Paladin
37:21 Hoardings
37:02 Chain Mail Armor
39:25 Plate Mail Armor
38:52 Bodkin Arrow
40:10 Guilds
40:31 Coinage
40:01 Caravan
chitam200716
7:45 Feudal Age
12:36 Castle Age
11:09 Double-Bit Axe
22:28 Loom
28:16 Imperial Age
25:58 Scale Barding Armor
26:03 Forging
25:56 Husbandry
25:17 Light Cavalry
25:58 Gold Mining
26:47 Wheelbarrow
27:15 Chain Barding Armor
29:20 Iron Casting
28:18 Cavalier
29:52 Hand Cart
30:09 Conscription
31:53 Plate Barding Armor
32:19 Blast Furnace
32:02 Paladin
39:12 Padded Archer Armor
39:02 Fletching
TAGRNM
10:29 Feudal Age
14:30 Castle Age
12:14 Horse Collar
13:39 Forging
14:03 Man-at-Arms
15:09 Gambesons
17:57 Squires
19:31 Long Swordsman
21:10 Double-Bit Axe
23:38 Wheelbarrow
23:01 Gold Mining
23:33 Stone Mining
29:46 Fletching
30:36 Hand Cart
30:24 Town Watch
35:02 Imperial Age
34:29 Bow Saw
34:26 Heavy Plow
36:07 Conscription
35:19 Pikeman
38:03 Scale Mail Armor
37:27 Halberdier
40:53 Chain Mail Armor
41:12 Elite Samurai
43:00 Plate Mail Armor
43:58 Iron Casting
妍芸
8:03 Feudal Age
9:09 Horse Collar
9:15 Double-Bit Axe
15:10 Castle Age
19:27 Wheelbarrow
24:12 Imperial Age
21:58 Gold Mining
22:31 Bow Saw
23:45 Gold Mining
24:56 Szlachta Privileges
25:45 Bloodlines
25:57 Conscription
25:50 Scale Barding Armor
26:29 Cavalier
27:57 Hand Cart
28:03 Heavy Plow
27:58 Loom
28:51 Stone Mining
29:50 Chain Barding Armor
29:41 Forging
32:02 Iron Casting
31:29 Husbandry
32:49 Conscription
34:36 Blast Furnace
39:18 Light Cavalry
Mr. M33s33ks
0:48 Loom
10:28 Feudal Age
11:21 Double-Bit Axe
11:35 Gold Mining
14:55 Horse Collar
19:43 Castle Age
18:13 Fletching
20:02 Crossbowman
21:09 Forging
21:21 Padded Archer Armor
23:16 Wheelbarrow
23:28 Bodkin Arrow
27:49 Ballistics
27:11 Treadmill Crane
27:50 Leather Archer Armor
27:54 Hand Cart
28:02 Husbandry
29:17 Light Cavalry
30:08 Bloodlines
30:04 Town Watch
31:02 Scale Barding Armor
33:05 Town Patrol
33:07 Heavy Plow
34:55 Murder Holes
35:56 Thumb Ring
Abetterhandle
1:01 Loom
7:43 Feudal Age
8:09 Horse Collar
8:30 Double-Bit Axe
9:28 Gold Mining
15:56 Castle Age
14:22 Horse Collar
18:22 Heavy Plow
20:39 Bow Saw
26:12 Imperial Age
24:08 Ballistics
24:10 Forging
24:03 Town Watch
25:19 Wheelbarrow
24:51 Stone Mining
25:15 Scale Mail Armor
25:46 Squires
25:41 Fletching
25:54 Man-at-Arms
26:25 Pikeman
27:03 Long Swordsman
28:39 Heavy Scorpion
29:12 Halberdier
32:58 Chain Mail Armor
35:33 Iron Casting
birtanonline
0:46 Loom
10:18 Feudal Age
10:44 Double-Bit Axe
10:40 Horse Collar
10:53 Stone Mining
10:56 Gold Mining
10:54 Town Watch
12:56 Wheelbarrow
19:13 Castle Age
17:55 Fletching
18:11 Padded Archer Armor
20:04 Bow Saw
20:13 Bodkin Arrow
21:41 Stone Shaft Mining
23:20 Gold Shaft Mining
23:36 Caravan
24:09 Heavy Plow
24:32 Leather Archer Armor
25:01 Masonry
26:21 Treadmill Crane
27:14 Town Patrol
27:32 Hand Cart
27:36 Murder Holes
29:19 Ballistics
31:58 Imperial Age
30:12 Town Patrol
31:55 Red Cliffs Tactics
33:06 Conscription
32:47 Sitting Tiger
34:22 Two-Man Saw
34:07 Architecture
33:50 Bracer
35:43 Guilds
38:42 Chemistry
37:42 Elite Fire Archer
43:25 Arson
43:40 Squires
43:01 Pikeman
bbjameshetfield
8:29 Feudal Age
10:38 Loom
13:32 Castle Age
21:11 Crossbowman
23:51 Bloodlines
23:41 Husbandry
25:32 Fletching
25:42 Padded Archer Armor
25:53 Forging
25:49 Scale Barding Armor
25:39 Loom
26:12 Bodkin Arrow
28:18 Wheelbarrow
27:29 Town Watch
27:25 Horse Collar
32:48 Imperial Age
32:08 Ballistics
31:45 Murder Holes
32:00 Fortified Wall
31:31 Treadmill Crane
32:54 Iron Casting
32:39 Chain Barding Armor
32:13 Pikeman
32:39 Gambesons
32:54 Squires
33:47 Howdah
34:07 Conscription
34:07 Halberdier
34:32 Gambesons
34:47 Squires
34:32 Arson
39:03 Chemistry
38:37 Hand Cart
38:22 Town Patrol
43:15 Blast Furnace
42:35 Chain Barding Armor
42:16 Bracer
43:07 Masonry
43:02 Siege Engineers
Connection lost

Rejoining the realm…

Still unreachable

The connection could not be restored.

Session expired

The server has moved on; the page needs a fresh start.